AoeStats
← 陟遐自迩

MegaRandom

504438999Analyzed
4v4 RM · 27d ago on Sep 5, 2026· 65m 38s· 8 players
Game mode
Random Map
Map size
Large (8 player)
Population
200
Speed
Normal
Resources
Standard
Victory
Conquest
Starting age
Dark Age
Ending age
Imperial Age
RankedLock teamsTeams togetherTeam positionsShared explorationLock speedFull tech treeHidden civsTurbo modeCheats
Victory
Defeat
🇫🇷 Persians · France
1111
+17
🇸🇰 Teutons · Slovakia
1097
+18
🇨🇳 Saracens · China
1068
+19
🇧🇷 Romans · Brazil
1050
+20
🇨🇳 Gurjaras · China
1193
-22
🇩🇿 Saracens · Algeria
1186
-20
🇩🇪 Muisca · Germany
1110
-17
🇳🇿 Koreans · New Zealand
1057
-15
Icenain
4:12 Loom
14:10 Feudal Age
14:39 Double-Bit Axe
15:25 Fishing Lines
24:10 Castle Age
24:19 Bloodlines
24:18 Scale Barding Armor
24:24 Forging
28:09 Wheelbarrow
29:17 Bow Saw
33:34 Horse Collar
40:46 Squires
40:07 Pikeman
42:12 Hand Cart
50:41 Heavy Plow
56:02 Imperial Age
55:06 Elite Skirmisher
56:35 Padded Archer Armor
60:15 Two-Man Saw
63:20 Conscription
63:01 Kamandaran
64:08 Crossbowman
64:55 Thumb Ring
67:06 Chemistry
Emilio
7:01 Loom
12:48 Feudal Age
13:15 Double-Bit Axe
15:59 Gold Mining
20:52 Castle Age
19:24 Forging
19:21 Scale Barding Armor
20:20 Fishing Lines
21:36 Bloodlines
30:18 Town Watch
34:23 Imperial Age
32:45 Horse Collar
33:30 Scale Mail Armor
34:51 Iron Casting
34:37 Cavalier
36:58 Blast Furnace
36:31 Chain Barding Armor
37:22 Conscription
37:22 Heavy Plow
37:34 Bow Saw
39:53 Plate Barding Armor
40:25 Pikeman
44:08 Chain Mail Armor
43:44 Fletching
44:36 Halberdier
49:26 Plate Mail Armor
51:25 Squires
51:10 Arson
55:06 Paladin
56:34 Man-at-Arms
56:59 Gambesons
张维为
15:30 Feudal Age
16:41 Double-Bit Axe
18:29 Fletching
20:51 Wheelbarrow
22:24 Loom
24:48 Castle Age
26:00 Medium Warships
26:40 Caravan
33:30 Gold Mining
33:44 Stone Mining
37:32 Forging
37:28 Scale Barding Armor
38:51 Husbandry
38:14 Light Cavalry
39:46 Town Watch
40:13 Pikeman
40:54 Squires
44:12 Scale Mail Armor
48:20 Padded Archer Armor
47:49 Elite Skirmisher
51:05 Bodkin Arrow
52:03 Horse Collar
52:36 Bow Saw
57:31 Thumb Ring
61:55 Chain Mail Armor
CapitaoPlaneta
5:54 Loom
16:28 Feudal Age
17:16 Double-Bit Axe
19:42 Town Watch
22:38 Castle Age
20:56 Horse Collar
21:10 Gold Mining
22:14 Stone Mining
22:30 Fishing Lines
25:05 Bow Saw
27:00 Gold Shaft Mining
26:28 Heavy Plow
26:20 Gillnets
35:15 Wheelbarrow
40:44 Imperial Age
38:30 Caravan
40:12 Murder Holes
40:38 Ballistics
40:33 Forging
40:23 Scale Mail Armor
39:46 Man-at-Arms
39:48 Pikeman
40:29 Squires
41:49 Hand Cart
42:43 Crop Rotation
42:49 Iron Casting
42:30 Chain Mail Armor
41:37 Long Swordsman
42:25 Elite Skirmisher
43:00 Fletching
43:10 Padded Archer Armor
43:32 Conscription
44:38 Blast Furnace
44:45 Blast Furnace
43:47 Padded Archer Armor
43:38 Fletching
44:21 Halberdier
45:56 Scale Barding Armor
49:14 Legionary
49:25 Capped Ram
50:34 Fervor
50:29 Sappers
52:01 Siege Ram
53:22 Bodkin Arrow
56:26 Fortified Wall
56:29 Masonry
56:25 Siege Engineers
57:45 Chemistry
59:55 Architecture
潘森
4:42 Loom
12:04 Feudal Age
16:34 Castle Age
14:52 Double-Bit Axe
16:01 Horse Collar
17:07 Town Watch
18:07 Heavy Plow
20:25 Bow Saw
23:24 Wheelbarrow
22:55 Stone Mining
25:30 Stone Shaft Mining
25:03 Fletching
26:47 Hand Cart
26:48 Gold Mining
27:21 Bodkin Arrow
29:06 Heated Shot
29:38 Ballistics
30:41 Gold Shaft Mining
33:26 Imperial Age
31:07 Scale Barding Armor
31:13 Forging
32:09 Chain Barding Armor
32:35 Caravan
32:40 Treadmill Crane
36:08 Hoardings
36:12 Heavy Camel Rider
37:03 Bloodlines
36:54 Husbandry
37:04 Light Cavalry
38:46 Plate Barding Armor
41:05 Conscription
43:07 Iron Casting
42:33 Bracer
45:27 Kshatriyas
49:25 Elite Chakram Thrower
50:18 Scale Mail Armor
53:08 Chain Mail Armor
57:46 Siege Elephant
陟遐自迩
3:57 Loom
15:43 Feudal Age
16:27 Double-Bit Axe
17:03 Fishing Lines
18:26 Wheelbarrow
19:19 Horse Collar
23:39 Castle Age
21:38 Stone Mining
23:04 Forging
22:59 Scale Mail Armor
25:49 Iron Casting
ltd2001
3:29 Loom
14:24 Feudal Age
15:05 Double-Bit Axe
24:53 Castle Age
25:55 Fletching
28:36 Wheelbarrow
28:08 Pikeman
33:00 Caravan
36:14 Forging
37:04 Hand Cart
47:03 Imperial Age
45:43 Iron Casting
45:15 Scale Barding Armor
45:16 Light Cavalry
48:25 Fishing Lines
48:15 Elite Skirmisher
48:55 Bodkin Arrow
50:13 Thumb Ring
51:28 Bow Saw
54:10 Ballistics
54:52 Chemistry
55:19 Horse Collar
55:27 Town Watch
57:44 Scale Mail Armor
57:56 Bracer
60:57 Squires
60:43 Gambesons
60:44 Arson
64:04 Halberdier
HDm
4:06 Loom
13:59 Feudal Age
18:20 Castle Age
16:31 Double-Bit Axe
19:15 Medium Warships
20:05 Wheelbarrow
19:42 Caravan
33:59 Scale Barding Armor
33:52 Horse Collar
35:41 Forging
36:00 Heavy Plow
37:59 Iron Casting
39:42 Chain Barding Armor
39:33 Man-at-Arms
39:58 Gambesons
40:14 Squires
39:59 Arson
40:45 Scale Mail Armor
40:47 Padded Archer Armor
40:22 Long Swordsman
42:36 Bloodlines
42:28 Husbandry
45:08 Imperial Age
46:27 Two-Handed Swordsman
47:24 Champion
47:53 Heavy Camel Rider
49:40 Chain Mail Armor
50:28 Blast Furnace
51:22 Plate Mail Armor
51:30 Plate Barding Armor
52:54 Light Cavalry
54:43 Bow Saw
55:40 Chemistry
59:17 Leather Archer Armor
58:54 Fletching
59:02 Elite Skirmisher
61:00 Ring Archer Armor
Connection lost

Rejoining the realm…

Still unreachable

The connection could not be restored.

Session expired

The server has moved on; the page needs a fresh start.